Map: Zen LE

Players

MooEsqoo

  • Race: Zerg Zerg
  • Spawn Location: 1:00

Cheater 1 (Resources) - Winner!

  • Race: Terran Terran
  • Spawn Location: 7:00

VOD

Have the link to the VOD?

Description

Time

  • Played on: Dec. 18, 2019, 10:44 a.m.
  • Length: 14:22
Show
View Real Time Build Order
Export as new Build Order

MooEsqoo Zerg 

Build Orders: Hatch First 

Get SALT Encoding   

  12  0:05  Drone  
  13  0:13  Overlord  
  13  0:17  Drone  
  14  0:31  Drone  
  14  0:32  Drone  
  16  0:57  Hatchery  
  16  0:59  Drone  
  16  1:00  Drone x2  
  18  1:21  Spawning Pool  
  17  1:26  Extractor  
  17  1:29  Drone x2  
  18  1:34  Overlord  
  18  1:46  Overlord  
  18  1:54  Drone  
  19  2:11  Zergling x4  
  19  2:12  Queen x2  
  25  2:25  Drone x2  
  27  2:40  Drone  
  27  2:41  Drone  
  27  2:43  Drone  
  30  2:52  Hatchery  
  29  3:10  Drone x5  
  34  3:19  Drone  
  35  3:26  Queen x2  
  39  3:36  Zergling x4  
  39  3:38  Drone x3  
  39  3:40  Overlord  
  44  3:44  Overlord  
  44  3:49  Overlord  
  44  4:13  Roach Warren  
  44  4:16  Baneling Nest  
  42  4:17  Evolution Chamber  
  42  4:19  Lair  
  41  4:36  Queen  
  41  4:38  Queen  
  43  4:44  Extractor  
  43  4:45  Extractor  
  43  4:49  Overlord, Zergling x6  
  43  4:50  Overlord x2  
  43  4:52  Zergling x6  
  49  4:54  Drone x2, Extractor  
  49  4:57  Drone  
  51  5:07  Drone x3  
  51  5:08  Drone x2  
  56  5:31  Drone x4  
  56  5:32  Drone  
  56  5:33  Drone, Roach x2  
  66  5:37  Baneling  
  66  5:38  Baneling x7  
  66  5:39  Baneling x2  
  66  5:43  Centrifical Hooks  
  66  6:04  Glial Reconstitution  
  66  6:14  Roach x5  
  76  6:44  Hatchery, Ravager x4  
  79  6:54  Drone x4  
  79  6:55  Drone, Roach  
  79  6:56  Zergling x4, Roach  
  79  6:57  Zergling x14  
  79  6:59  Extractor  
  79  7:00  Baneling x5  
  96  7:15  Overlord x2  
  96  7:16  Overlord x2  
  96  7:46  Overlord  
  96  7:47  Overlord x4  
  96  7:49  Zergling x4  
  96  7:50  Roach x2  
  102  8:32  Roach  
  102  8:33  Roach x6  
  102  8:34  Roach x2  
  120  8:47  Extractor  
  119  9:14  Roach x4  
  119  9:15  Roach  
  119  9:16  Zergling x2  
  130  9:17  Overlord x3  
  130  9:32  Overlord x3  
  132  9:38  Ravager x3  
  132  9:39  Ravager x8  
  132  9:40  Ravager x5  
  146  9:54  Hatchery, Zergling x6  
  146  9:55  Zergling x4  
  150  10:02  Queen  
  150  10:03  Queen  
  154  10:11  Zergling x8  
  154  10:12  Zergling x2  
  159  10:14  Ravager  
  159  10:15  Ravager x4  
  159  10:20  Zerg Ground Armor Level 1  
  164  10:28  Evolution Chamber  
  163  10:41  Spire  
  162  10:47  Drone x2  
  162  10:48  Drone  
  162  10:49  Drone x4  
  169  10:51  Drone  
  75  11:39  Zergling x6  
  72  11:48  Zergling x2  
  72  11:49  Zergling x10  
  78  12:00  Zergling x4  
  80  12:15  Baneling  
  80  12:16  Baneling x7  
  80  12:17  Baneling x4  
  80  12:21  Baneling x2  
  80  12:22  Baneling x6  
  80  12:25  Zergling x4  
  80  12:26  Zergling x12  
  88  12:37  Overlord x3  
  88  12:40  Corruptor x5  
  88  12:41  Corruptor x2  
  102  13:03  Roach  
  102  13:04  Roach x6  
  116  13:07  Roach  
  116  13:09  Roach  
  120  13:29  Hatchery  
  120  13:30  Ravager x4  
  120  13:32  Ravager x3  
  126  13:38  Ravager x2  
  129  13:41  Zergling x8  
  129  13:42  Zergling x2  
  129  13:47  Drone x2  
  129  13:48  Drone  
Show
View Real Time Build Order
Export as new Build Order

Cheater 1 (Resources) Terran - Winner!

Build Orders:  

Get SALT Encoding   

  12  0:00  SCV  
  13  0:13  SCV  
  14  0:18  Supply Depot  
  14  0:25  SCV  
  15  0:40  SCV  
  16  0:43  Barracks  
  16  0:52  SCV  
  17  1:04  SCV  
  17  1:10  Refinery  
  18  1:12  Supply Depot  
  18  1:16  SCV  
  19  1:28  SCV  
  19  1:30  Marine  
  21  1:41  Command Center  
  21  2:02  Barracks  
  21  2:05  SCV  
  21  2:08  Marine  
  23  2:14  Factory  
  23  2:17  SCV  
  23  2:21  Supply Depot  
  24  2:26  Marine  
  24  2:29  SCV  
  26  2:41  SCV  
  26  2:44  Marine  
  28  2:53  SCV, Orbital Command  
  28  2:57  Refinery  
  29  2:59  Factory Tech Lab  
  29  3:07  Orbital Command  
  29  3:10  Marine  
  29  3:12  Marine  
  31  3:19  SCV  
  32  3:28  Marine  
  32  3:30  Marine  
  32  3:31  SCV  
  32  3:32  SCV  
  36  3:39  Barracks  
  36  3:43  SCV  
  36  3:44  SCV  
  36  3:46  Marine  
  36  3:48  Barracks Tech Lab  
  39  3:53  Supply Depot  
  39  3:55  SCV  
  40  3:56  SCV  
  41  4:05  Barracks Tech Lab  
  41  4:06  Marine  
  41  4:07  Siege Tank, SCV, Stimpack  
  41  4:09  SCV  
  47  4:19  SCV  
  47  4:21  SCV, Supply Depot  
  47  4:22  Marine  
  47  4:23  Combat Shield  
  47  4:24  Marine  
  51  4:26  Marine  
  51  4:28  Supply Depot  
  52  4:31  SCV  
  52  4:33  SCV  
  54  4:39  Siege Tank  
  54  4:41  Marine, Marauder  
  54  4:43  Refinery, SCV, Marine  
  54  4:45  SCV  
  63  4:47  Refinery  
  63  4:52  Engineering Bay  
  63  4:56  SCV  
  63  4:57  SCV  
  63  4:58  Engineering Bay  
  67  5:00  Marauder  
  67  5:02  Marauder  
  67  5:05  Supply Depot  
  69  5:08  SCV  
  69  5:09  SCV  
  69  5:12  Hellion  
  73  5:19  Terran Infantry Armor Level 1  
  73  5:20  SCV  
  76  5:21  Marauder  
  76  5:22  Barracks Reactor  
  76  5:24  Terran Infantry Weapons Level 1  
  76  5:26  SCV  
  76  5:27  Marauder  
  79  5:28  Supply Depot  
  79  5:32  SCV  
  79  5:33  Hellion  
  84  5:42  Marauder  
  84  5:46  Missile Turret  
  84  5:50  SCV, Marauder  
  84  5:53  Missile Turret  
  84  5:55  Hellion, Starport  
  89  5:57  Barracks  
  89  5:58  Command Center, Marine  
  89  6:00  Supply Depot  
  90  6:11  SCV  
  91  6:16  Hellion  
  93  6:19  Armory  
  93  6:22  Concussive Shells, Marauder  
  93  6:24  Supply Depot  
  95  6:26  Marauder  
  95  6:31  Starport Reactor  
  95  6:32  Marine  
  98  6:35  Armory  
  98  6:37  Missile Turret  
  98  6:38  Marine  
  99  6:44  Marauder  
  99  6:46  Supply Depot  
  99  6:47  Marine  
  101  6:53  Factory  
  102  6:58  Missile Turret  
  102  6:59  Marine  
  103  7:05  Marauder  
  103  7:07  Medivac, Viking  
  103  7:08  Marauder, Terran Vehicle Weapons Level 1  
  111  7:10  SCV, Supply Depot, Orbital Command  
  111  7:11  SCV  
  113  7:20  Missile Turret  
  113  7:22  SCV  
  114  7:23  SCV, Terran Vehicle And Ship Armor Level 1  
  114  7:25  Hellion  
  114  7:26  Marauder  
  114  7:29  Marauder  
  121  7:30  Terran Infantry Weapons Level 2  
  121  7:34  SCV  
  121  7:35  Supply Depot  
  121  7:36  SCV x2  
  121  7:37  Medivac, Hellion, Viking  
  128  7:39  Infernal Pre-Igniter  
  128  7:44  Missile Turret  
  130  7:46  SCV  
  130  7:48  SCV x2, Marauder  
  135  7:57  Marauder  
  137  7:58  SCV, Supply Depot  
  137  8:00  SCV  
  137  8:02  SCV  
  137  8:03  Starport  
  140  8:06  Viking  
  140  8:07  Medivac  
  140  8:09  Factory Tech Lab, Missile Turret, Hellion  
  140  8:10  SCV  
  140  8:12  Marauder  
  149  8:20  SCV x2  
  149  8:22  SCV  
  149  8:23  Supply Depot  
  149  8:26  Hi-Sec Auto Tracking  
  152  8:30  Hellion  
  152  8:32  SCV  
  155  8:36  Medivac  
  155  8:38  Refinery  
  155  8:40  Command Center, Starport Tech Lab  
  157  8:45  Viking  
  157  8:48  Supply Depot  
  159  8:53  Marauder  
  161  8:58  Refinery  
  161  8:59  Viking  
  163  9:05  Terran Vehicle Weapons Level 2  
  163  9:09  Viking, Marauder  
  167  9:11  Supply Depot  
  167  9:14  Marauder  
  169  9:20  Missile Turret  
  169  9:22  Missile Turret  
  169  9:23  Barracks  
  169  9:28  Neosteel Armor, Raven  
  169  9:30  Barracks Tech Lab, Fusion Core  
  171  9:33  Marine x3  
  171  9:34  Supply Depot  
  171  9:35  Marine  
  171  9:37  Ghost Academy  
  175  9:41  Viking  
  177  9:47  Missile Turret  
  177  9:51  Marine  
  177  9:52  SCV x2  
  180  9:53  SCV, Marine x3  
  180  9:54  Marine  
  180  9:59  Refinery  
  185  10:01  Refinery, Planetary Fortress  
  185  10:02  Command Center  
  185  10:04  Missile Turret  
  185  10:05  Viking  
  187  10:07  Missile Turret  
  187  10:09  Marine  
  187  10:10  Ghost, Marine  
  187  10:11  Raven, Marine  
  187  10:13  Hellion x2  
  198  10:18  Rapid Reignition System  
  198  10:21  Missile Turret  
  198  10:34  Hellion  
  200  10:54  Terran Infantry Weapons Level 3  
  200  10:56  Liberator  
  200  11:04  Hellion, Marauder  
  195  11:06  Hellion, Marauder  
  195  11:12  Ghost, Terran Infantry Armor Level 2  
  195  11:13  Viking, Marine  
  195  11:14  Marine x2  
  195  11:16  Refinery  
  144  11:19  Viking  
  144  11:23  Planetary Fortress  
  144  11:24  Refinery  
  144  11:25  Marauder  
  125  11:26  Hellion  
  125  11:27  Missile Turret, Hellion, Marine  
  125  11:28  Command Center  
  125  11:30  Missile Turret  
  125  11:31  Marine x2  
  125  11:32  Marine  
  124  11:35  Missile Turret  
  124  11:42  Marauder  
  124  11:43  Medivac  
  124  11:45  Marauder  
  124  11:46  Marine  
  131  11:49  Viking, Marine x2  
  131  11:51  Marine  
  131  11:52  Siege Tank, Widow Mine  
  141  11:56  Liberator, Viking  
  143  12:03  Marine  
  143  12:04  Marauder  
  143  12:07  Marine, Marauder  
  143  12:08  Marine  
  150  12:09  Liberator, Marine  
  150  12:13  Siege Tank  
  157  12:19  Viking  
  157  12:20  Ghost  
  161  12:24  Widow Mine  
  161  12:25  Marine  
  161  12:26  Marauder  
  161  12:27  Marine x2  
  161  12:28  Marauder  
  173  12:42  Marine  
  174  12:45  Cyclone, Widow Mine  
  174  12:46  Ghost  
  174  12:47  Refinery, Planetary Fortress  
  174  12:49  Medivac, Marauder, Missile Turret, Marine  
  174  12:50  Marine  
  187  12:51  Personal Cloaking  
  187  12:52  Liberator  
  187  12:53  Missile Turret  
  187  12:55  Missile Turret  
  187  12:56  Viking  
  189  12:58  Refinery  
  189  12:59  Command Center  
  189  13:01  Marine  
  189  13:02  Marine  
  191  13:06  Ghost  
  191  13:07  Widow Mine  
  191  13:08  Marine  
  186  14:15  Refinery  
  150  14:22  Missile Turret  
Tags
 
Matchup
TvZ
Spawn Locations
Cross Positions
Add a new tag
Caveats
  • Supply blocks, unpowered buildings, or Contaminate may cause inaccurate times.
  • Supply counts are checked every 10 seconds.